 Dungeon Crawl Stone Soup version 0.22.0 (webtiles) character file.

2218 GroovyGamera the Cleaver (level 9, -16/83 HPs)
             Began as a Minotaur Berserker on Aug 13, 2018.
             Was an Elder of Trog.
             Demolished by an orc warrior
             ... wielding a +0 halberd
              (28 damage)
             ... in a bailey.
             The game lasted 00:13:58 (5903 turns).

GroovyGamera the Cleaver (Minotaur Berserker)       Turns: 5903, Time: 00:13:59

Health: -16/83     AC: 15    Str: 26    XL:     9   Next: 13%
Magic:  8/8        EV:  8    Int:  5    God:    Trog [****..]
Gold:   222        SH:  3    Dex: 11    Spells: 8/8 levels left

rFire    . . .     SeeInvis .   C - +1 war axe of Pafyp {freeze, Stlth+}
rCold    . . .     Gourm    .   z - +0 buckler of Agnosticism {Regen+ Str+3}
rNeg     . . .     Faith    .   b - +0 chain mail
rPois    .         Spirit   .   (helmet restricted)
rElec    .         Reflect  .   e - +0 cloak
rCorr    .         Harm     .   u - +0 pair of gloves
MR       +++..                  o - +0 pair of boots
Stlth    ..........             (no amulet)
HPRegen  1.63/turn              A - ring of protection from magic
MPRegen  0.11/turn              (no ring)

@: regenerating
A: retaliatory headbutt, horns 2
a: Berserk, Trog's Hand, Brothers in Arms, Renounce Religion


You were in a bailey.
You worshipped Trog.
Trog was greatly pleased with you.
You were hungry.

You visited 1 branch of the dungeon, and saw 9 of its levels.
You also visited: Bailey.

You collected 255 gold pieces.
You spent 33 gold pieces at shops.

Inventory:

Hand Weapons
 q - a cursed -1 halberd
 C - the +1 war axe of Pafyp (weapon) {freeze, Stlth+}
   (You found it on level 7 of the Dungeon)

   It has been specially enchanted to freeze those struck by it, causing extra
   injury to most foes and up to half again as much damage against particularly
   susceptible opponents.
   It can also slow down cold-blooded creatures.
   It makes you more stealthy.
 F - a +0 whip of flaming
 I - a +0 hand crossbow
Missiles
 l - 55 bolts
 n - 7 tomahawks (quivered)
Armour
 b - a +0 chain mail (worn)
 e - a +0 cloak (worn)
 o - a +0 pair of boots (worn)
 u - a +0 pair of gloves (worn)
 z - the +0 buckler of Agnosticism (worn) {Regen+ Str+3}
   (You found it on level 5 of the Dungeon)

   It affects your strength (+3).
   It increases your rate of regeneration.
Jewellery
 A - a ring of protection from magic (left hand)
Wands
 w - a wand of acid (5)
 E - a wand of iceblast (9)
Scrolls
 g - 3 scrolls of teleportation
 h - a scroll of silence {unknown}
 i - a scroll of identify
 r - a scroll of enchant weapon {unknown}
 v - a scroll of fog
 y - 2 scrolls of fear
 B - a scroll of remove curse
 D - a scroll of summoning
Potions
 a - a potion of lignification {unknown}
 d - a potion of ambrosia
 f - 3 potions of might
 j - a potion of brilliance
 k - a potion of agility
 m - a potion of cancellation
 p - a potion of invisibility
 s - 5 potions of curing
 t - a potion of magic
 x - a potion of mutation
 H - a potion of berserk rage {unknown}
Comestibles
 c - 14 rations
 G - 5 chunks of flesh


   Skills:
 + Level 9.1 Fighting
 + Level 9.2 Axes
 + Level 8.7 Armour
 - Level 2.1 Dodging


You had 8 spell levels left.
You didn't know any spells.
Your spell library was empty.

Dungeon Overview and Level Annotations

Branches:
Dungeon (9/15)             Temple (0/1) D:6
   Lair: D:8-11         Orc: D:9-12

Altars:
Gozag

Shops:
D:5 ?


Innate Abilities, Weirdness & Mutations

You reflexively headbutt those who attack you in melee.
You have a pair of horns on your head.


Message History

The orc warrior is almost dead.
The orc warrior hits you from afar with a halberd!!
The orc knight roars a battlecry!
The orc warrior goes into a battle-frenzy!
The orc warrior hits you with a halberd!
Your skin crawls.
You feel resistant to hostile enchantments.
You feel somewhat more hungry.
The orc warrior hits you from afar with a halberd!
* * * LOW HITPOINT WARNING * * *
The orc warrior hits you but does no damage.
An orc comes into view. It is wielding a spear.
You hit the orc warrior. You freeze the orc warrior.
You kill the orc warrior!
Trog accepts your kill.
The orc warrior hits you from afar with a halberd!
* * * LOW HITPOINT WARNING * * *
There is a gate leading back out of this place here.
The orc warrior hits you from afar with a halberd!!
You die...

### ##@## #.∩.#
#o.)#
≈≈.≈≈.......≈≈o
≈ooo≈.......≈oo
≈≈)≈≈.......≈≈o≈
.≈≈≈..#...#..≈≈≈
...o.##...##....
##### ##∩## ####


You could see an orc warrior and an orc.

Vanquished Creatures
  Duvessa (D:4)
  2 orc warriors
  3 sky beasts
  A phantom (D:4)
  2 ogres
  A centaur (D:9)
  A bullfrog (D:8)
  A gnoll sergeant (D:7)
  Dowan (D:4)
  A scorpion (D:6)
  6 crimson imps
  A bullfrog zombie (D:7)
  3 jellies
  A centaur skeleton (D:4)
  An orc priest (D:6)
  2 orc wizards (D:4)
  2 iguanas
  9 worker ants
  2 hound skeletons
  A worker ant zombie (D:7)
  4 gnolls
  15 adders
  2 shadow imps
  3 oozes
  2 adder skeletons
  3 worms (D:2)
  A dart slug (D:1)
  6 leopard geckos
  11 orcs
  2 ball pythons (D:2)
  3 giant cockroaches
  10 goblins
  7 hobgoblins
  6 jackals
  7 quokkas
  9 bats
  12 frilled lizards
  7 kobolds
  A leopard gecko zombie (D:4)
  A quokka skeleton (D:6)
  8 rats
162 creatures vanquished.

Notes
Turn   | Place    | Note
-------+----------+-------------------------------------------
     0 | D:1      | GroovyGamera the Minotaur Berserker began the quest for the Orb.
     0 | D:1      | Reached XP level 1. HP: 19/19 MP: 0/0
   112 | D:1      | Reached XP level 2. HP: 27/27 MP: 1/1
   751 | D:2      | Reached XP level 3. HP: 33/33 MP: 2/2
   861 | D:2      | Reached ** piety under Trog
  1182 | D:2      | Reached XP level 4. HP: 19/41 MP: 3/3
  1445 | D:2      | Reached XP level 5. HP: 39/47 MP: 4/4
  1448 | D:2      | Reached skill level 5 in Axes
  1494 | D:2      | Reached skill level 5 in Fighting
  2242 | D:3      | Reached *** piety under Trog
  2643 | D:4      | Reached XP level 6. HP: 50/56 MP: 5/5
  2823 | D:4      | Reached skill level 5 in Armour
  2869 | D:4      | Noticed Duvessa
  2893 | D:4      | Killed Duvessa
  2914 | D:4      | Noticed Dowan
  2919 | D:4      | Killed Dowan
  3134 | D:4      | Reached XP level 7. HP: 41/63 MP: 6/6
  3504 | D:5      | Entered Level 5 of the Dungeon
  3524 | D:5      | Got a crude buckler
  3530 | D:5      | Identified the +0 buckler of Agnosticism {Regen+ Str+3} (You found it on level 5 of the Dungeon)
  3836 | D:5      | Found Areosaf's Magic Scroll Shop.
  3842 | D:5      | Bought a scroll of teleportation for 33 gold pieces
  4078 | D:5      | Reached XP level 8. HP: 65/73 MP: 7/7
  4681 | D:6      | Found an opulent altar of Gozag.
  4860 | D:6      | Found a staircase to the Ecumenical Temple.
  5629 | D:7      | Got a scorched war axe
  5643 | D:7      | Identified the +1 war axe of Pafyp {freeze, Stlth+} (You found it on level 7 of the Dungeon)
  5647 | D:7      | Reached **** piety under Trog
  5756 | D:7      | You fall through a shaft for 2 floors!
  5781 | D:9      | Reached XP level 9. HP: 75/82 MP: 8/8
  5875 | D:8      | Found a flagged portal.
  5888 | Bailey   | Entered a bailey
  5891 | Bailey   | Noticed an orc knight
  5903 | Bailey   | Demolished by an orc warrior

Skill      XL: |  1  2  3  4  5  6  7  8  9 |
---------------+----------------------------+-----
Axes           | 4 5 6 7 9 |  9.2
Fighting       | 4 5 6 7 8 9 |  9.1
Armour         | 3 4 5 6 8 |  8.7
Dodging        | |  2.1

Action                   |  1- 3 |  4- 6 |  7- 9 || total
-------------------------+-------+-------+-------++-------
Melee: Hand axe          |    80 |   139 |   180 ||   399
       Headbutt          |    15 |    19 |    48 ||    82
       Falchion          |       |    13 |       ||    13
       War axe           |       |       |    25 ||    25
Invok: Trog's Hand       |       |     3 |     2 ||     5
       Berserk           |       |     1 |     2 ||     3
Evoke: Wand              |       |       |     2 ||     2
  Use: Scroll            |       |     5 |    12 ||    17
  Eat: Chunk             |     1 |     8 |     7 ||    16
       Ration            |       |       |     1 ||     1
Armor: Animal skin       |     7 |       |       ||     7
       Ring mail         |    24 |    54 |     8 ||    86
       Chain mail        |       |       |    87 ||    87
Dodge: Dodged            |    37 |    86 |    71 ||   194
Block: Buckler           |       |       |    18 ||    18
       Rpst.: Falchion   |       |     1 |       ||     1
